Map: Waterfall

Players

MattBarry - Winner!

  • Race: Zerg Zerg
  • Spawn Location: 1:00

AlbertoGP

  • Race: Terran Terran
  • Spawn Location: 7:00

VOD

Have the link to the VOD?

Description

Time

  • Played on: Jan. 18, 2023, 11:59 p.m.
  • Length: 14:46
Show
View Real Time Build Order
Export as new Build Order

MattBarry Zerg - Winner!

Build Orders: Pool First 

Get SALT Encoding   

  12  0:00  Drone  
  13  0:14  Overlord  
  13  0:18  Drone, Extractor  
  13  0:24  Drone  
  14  0:35  Drone  
  15  0:43  Drone  
  16  0:54  Spawning Pool  
  15  1:10  Drone  
  16  1:30  Drone, Overlord  
  17  1:44  Zergling x4  
  17  1:45  Hatchery  
  19  1:55  Spine Crawler  
  19  1:56  Spine Crawler  
  19  1:58  Queen  
  19  2:03  Zergling x4  
  21  2:31  Zergling x4  
  22  2:41  Metabolic Boost  
  21  2:59  Drone  
  21  3:00  Drone  
  21  3:03  Hatchery  
  23  3:13  Hatchery  
  23  3:19  Drone  
  23  3:27  Drone x2  
  23  3:30  Drone  
  26  3:39  Queen  
  25  4:02  Baneling Nest  
  25  4:07  Drone x2  
  25  4:08  Overlord x2  
  26  4:22  Extractor  
  25  4:24  Lair  
  25  4:28  Evolution Chamber  
  24  4:32  Zergling x4  
  24  4:33  Zergling x4  
  28  4:44  Drone x2  
  28  4:45  Drone x2  
  32  5:00  Zerg Ground Armor Level 1  
  32  5:05  Zergling x6  
  35  5:16  Zergling x10  
  40  5:27  Roach Warren  
  39  5:39  Baneling  
  39  5:40  Baneling x8  
  39  6:07  Roach x3  
  39  6:08  Overlord  
  45  6:26  Roach  
  45  6:27  Roach x3  
  53  6:36  Extractor  
  53  6:38  Extractor  
  51  6:45  Hatchery  
  50  6:54  Drone x7  
  52  6:59  Baneling x6  
  57  7:20  Drone x3  
  57  7:21  Overlord  
  58  8:01  Drone  
  58  8:02  Drone x2  
  58  8:03  Roach x3  
  67  8:07  Ravager x4  
  67  8:12  Glial Reconstitution  
  71  8:16  Pneumatized Carapace  
  71  8:23  Queen  
  71  8:25  Overlord  
  62  9:09  Zergling x2  
  63  9:10  Zergling x32  
  77  9:48  Roach x2  
  77  9:49  Overlord x3  
  80  10:13  Ravager x5  
  80  10:14  Ravager  
  86  10:16  Baneling x2  
  86  10:17  Baneling x27  
  86  10:25  Queen  
  86  10:28  Overlord  
  68  11:04  Hydralisk Den  
  67  11:08  Spire  
  66  11:31  Drone  
  66  11:32  Drone x8  
  75  11:33  Overlord  
  75  12:23  Mutalisk  
  75  12:24  Mutalisk x7  
  75  12:25  Mutalisk x5  
  101  12:50  Overseer  
  101  12:57  Drone x3  
  101  12:58  Mutalisk x3  
  104  13:03  Extractor  
  104  13:04  Extractor  
  108  13:07  Queen  
  108  13:11  Drone x3  
  108  13:12  Drone, Overlord x4  
  114  13:17  Overlord x2  
Show
View Real Time Build Order
Export as new Build Order

AlbertoGP Terran 

Build Orders:  

Get SALT Encoding   

  12  0:03  SCV  
  13  0:19  SCV  
  14  0:29  Supply Depot  
  14  0:31  SCV  
  14  0:33  Refinery  
  15  0:58  Barracks  
  15  1:05  Supply Depot  
  16  1:11  SCV  
  16  1:23  SCV  
  17  1:35  SCV  
  18  1:40  Barracks  
  18  1:51  Bunker, Marine  
  19  2:01  SCV  
  20  2:09  Marine  
  20  2:13  SCV  
  20  2:27  Marine  
  20  2:34  Engineering Bay  
  18  3:02  Bunker  
  18  3:16  Planetary Fortress  
  17  3:52  Barracks Reactor  
  17  4:13  Refinery  
  18  4:17  SCV  
  18  4:29  SCV  
  19  4:33  Command Center  
  19  4:36  Marine x2  
  21  4:46  SCV  
  22  4:53  Marine  
  22  4:54  Factory  
  23  5:18  Supply Depot  
  23  5:35  Supply Depot  
  23  5:39  Marine x2  
  23  5:57  Marine  
  23  6:02  Marine  
  22  6:15  Planetary Fortress  
  22  6:22  Factory  
  20  6:43  Factory Reactor  
  20  6:49  Starport  
  20  6:56  Missile Turret  
  20  7:06  SCV  
  21  7:12  Factory Tech Lab  
  21  7:17  Missile Turret  
  21  7:18  Starport, SCV  
  22  7:30  SCV  
  22  7:33  Widow Mine x2  
  26  7:41  Missile Turret  
  26  7:42  SCV  
  27  7:51  Siege Tank  
  27  7:54  SCV, Starport Tech Lab  
  31  8:00  Starport Tech Lab  
  31  8:03  Missile Turret  
  31  8:06  SCV  
  32  8:13  Refinery  
  32  8:18  SCV  
  33  8:30  Widow Mine x2, SCV  
  38  8:39  Refinery  
  38  8:42  SCV  
  39  8:52  Widow Mine, Fusion Core  
  20  9:36  Supply Depot  
  20  9:57  Siege Tank  
  20  9:59  Supply Depot  
  23  10:04  Factory Reactor  
  23  10:22  Supply Depot  
  23  10:24  SCV  
  25  10:45  Supply Depot  
  10  11:02  Command Center  
  10  11:07  Widow Mine x2  
  7  11:29  Widow Mine x2  
  11  12:14  Widow Mine  
  13  12:19  SCV  
  14  12:31  SCV  
  14  12:43  SCV  
  13  12:55  SCV  
  14  13:04  Refinery  
  14  13:07  SCV  
Tags
 
Matchup
TvZ
Opening
Pool First
Replay Pack
Multiplayer
Spawn Locations
Cross Positions
Add a new tag
Caveats
  • Supply blocks, unpowered buildings, or Contaminate may cause inaccurate times.
  • Supply counts are checked every 10 seconds.